 Dungeon Crawl Stone Soup version 0.29-a0-1065-g47a6bb87d6 (webtiles) character file.

Game seed: 3972406620739281923

5994 sanka the Grappler (level 10, -1/82 HPs)
             Began as a Gnoll Cinder Acolyte on Aug 18, 2022.
             Was a High Priest of Ignis.
             Slain by a two-headed ogre
             ... wielding a +0 giant club
              (7 damage)
             ... on level 9 of the Dungeon.
             The game lasted 00:23:14 (12704 turns).

sanka the Grappler (Gnoll Cinder Acolyte)          Turns: 12704, Time: 00:23:15

Health: -1/82      AC: 15    Str: 19    XL:     10   Next: 85%
Magic:  19/19      EV: 12    Int: 18    God:    Ignis [*****.]
Gold:   688        SH:  0    Dex:  8    Spells: 13/22 levels left

rFire   + + .      SeeInvis .   a - +4 halberd
rCold   + + .      Faith    .   (shield currently unavailable)
rNeg    . . .      Spirit   .   G - +3 leather armour {rC+}
rPois   .          Reflect  .   I - +2 helmet
rElec   .          Harm     .   z - +2 cloak {Stlth+}
rCorr   .          Rampage  .   m - +1 pair of gloves of the Garden {rC+}
Will    .....                   (no boots)
Stlth   ++++......              J - amulet of the acrobat
HPRegen 0.23/turn               i - ring of protection from fire
MPRegen 0.16/turn               d - +6 ring of strength

@: marked
A: fangs 1, strong nose, distributed training
a: Renounce Religion, Fiery Armour, Foxfire Swarm, Rising Flame


You were on level 9 of the Dungeon.
You worshipped Ignis.
Ignis was extremely pleased with you.
You visited 2 branches of the dungeon, and saw 10 of its levels.
You also visited: Ossuary and Bailey.

You collected 868 gold pieces.
You spent 180 gold pieces at shops.


Innate Abilities, Weirdness & Mutations

You have very sharp teeth.
Your uncanny sense of smell can sniff out nearby items.
Your experience applies equally to all skills.


   Skills:
 + Level 8.9 Fighting
 + Level 5.9 Short Blades
 + Level 5.9 Long Blades
 + Level 5.9 Axes
 + Level 5.9 Maces & Flails
 + Level 5.9 Polearms
 + Level 5.9 Staves
 + Level 5.9 Ranged Weapons
 + Level 5.9 Throwing
 + Level 5.9 Armour
 + Level 5.9 Dodging
 + Level 5.9 Stealth
 + Level 5.9 Shields
 + Level 8.9 Unarmed Combat
 + Level 6.6 Spellcasting
 + Level 4.8 Conjurations
 + Level 4.8 Hexes
 + Level 4.8 Summonings
 + Level 4.8 Necromancy
 + Level 4.8 Translocations
 + Level 4.8 Transmutations
 + Level 7.4 Fire Magic
 + Level 4.8 Ice Magic
 + Level 4.8 Air Magic
 + Level 4.8 Earth Magic
 + Level 4.8 Poison Magic
 + Level 6.4 Invocations
 + Level 5.9 Evocations


You had 13 spell levels left.
You knew the following spells:

 Your Spells              Type           Power      Damage    Failure   Level
b - Blink                 Tloc           46%        N/A       2%          2
u - Wereblood             Tmut           23%        N/A       2%          2
y - Scorch                Fire           64%        2d8       1%          2
z - Spider Form           Tmut/Pois      23%        N/A       5%          3

Your spell library contained the following spells:

 Spells                   Type           Power      Damage    Failure   Level
 Beastly Appendage        Tmut           46%        N/A       1%          1
 Conjure Flame            Conj/Fire      28%        6-21      3%          3
 Ignite Poison            Fire/Tmut/Pois 26%        N/A       3%          3
 Confusing Touch          Hex            23%        N/A       5%          3
 Sticky Flame             Conj/Fire      28%        2d5       11%         4
 Manifold Assault         Tloc           23%        N/A       43%         5
 Yara's Violent Unravell  Hex/Tmut       11%        3d6       43%         5
 Enfeeble                 Hex            11%        N/A       100%        7
 Storm Form               Tmut/Air       11%        N/A       100%        7

Inventory:

Hand Weapons
 a - a +4 halberd (weapon)
 b - a +0 dagger
 M - a +2 great sword of protection
 R - a +1 scimitar of flaming
Missiles
 q - 3 javelins
 H - 19 curare-tipped darts {=f}
 K - 22 boomerangs
 L - 34 poisoned darts
Armour
 m - the +1 pair of gloves of the Garden (worn) {rC+} rC: It protects you from cold.
 u - a scarf of shadows
 z - a +2 cloak of stealth (worn)
 G - a +3 leather armour of cold resistance (worn)
 I - a +2 helmet (worn)
Magical Staves
 n - a staff of conjuration {!a}
Jewellery
 d - a +6 ring of strength (right hand)
 i - a ring of protection from fire (left hand)
 v - a ring of poison resistance
 E - an amulet of reflection
 J - an amulet of the acrobat (around neck)
 S - an amulet of guardian spirit
Wands
 w - a wand of polymorph (4)
 A - a wand of digging (8)
 Q - a wand of iceblast (7)
Scrolls
 c - 2 scrolls of immolation {unknown}
 h - 3 scrolls of magic mapping
 k - a scroll of poison {!r}
 l - 3 scrolls of amnesia {unknown}
 p - 8 scrolls of teleportation {@r4}
 x - 2 scrolls of noise {!r}
 y - a scroll of fear {unknown}
 B - 2 scrolls of silence {unknown}
 C - 2 scrolls of torment {unknown}
 D - a scroll of blinking {unknown}
 N - a scroll of summoning {unknown}
 O - 2 scrolls of identify {@r1}
Potions
 e - 7 potions of curing {@q1}
 f - 3 potions of might {unknown}
 g - 2 potions of flight {unknown}
 j - 3 potions of attraction {!q}
 o - 2 potions of resistance
 r - a potion of cancellation {unknown}
 s - 2 potions of lignification {unknown}
 t - 2 potions of brilliance {unknown}
 F - 2 potions of heal wounds {unknown}
 P - a potion of berserk rage {!q}

Dungeon Overview and Level Annotations

Branches:
Dungeon (9/15)             Temple (1/1) D:4         Ossuary (visited)
 Bailey (visited)
   Lair: D:8-11         Orc: D:9-12

Altars:
Cheibriados
Dithmenos
Elyvilon
Fedhas
Gozag
Hepliaklqana
Kikubaaqudgha
Makhleb
Nemelex Xobeh
Okawaru
Qazlal
Ru
Sif Muna
Trog
Uskayaw
Vehumet
Wu Jian
Xom
Yredelemnul
Zin
The Shining One

Shops:
D:4 [

Annotations:
D:9 Harold

...▒▒ ▒▒.▒
▒...▒▒▒.▒▒.▒▒▒▒▒▒▒▒▒▒
@▒▒.▒▒▒>▒▒ ▒)▒.▒▒▒.▒▒.▒
.▒▒▒.▒.▒▒▒▒▒▒.▒.▒......▒
..@D.D..........▒.▒.▒..▒
..▒▒▒▒▒▒▒▒▒▒▒..........▒
.▒▒ ▒▒▒▒▒.▒.▒.▒▒
..▒▒▒▒▒▒▒▒▒▒▒ ▒.....▒
.........(..▒▒▒▒▒▒▒.▒▒▒
..▒▒▒▒▒▒▒▒▒.@...gO<.▒
.▒▒ ▒▒▒▒▒▒▒▒▒▒▒ ▒▒


You could see Harold and a two-headed ogre.


Message History

The throwing net closely misses you.
Things that are here:
a throwing net {=f}; a +0 falchion You puncture the two-headed ogre!
You bite the two-headed ogre, but do no damage.
The two-headed ogre is moderately wounded.
The two-headed ogre hits you with a +0 giant club!
The two-headed ogre closely misses you.
Harold throws a throwing net.
The throwing net hits you.
You become entangled in the net!
You tear a large gash into the net.
You struggle against the net.
The two-headed ogre barely misses you.
The two-headed ogre hits you but does no damage.
Unknown command.
You rip the net and break free!
The two-headed ogre hits you with a +0 giant club!
The two-headed ogre hits you with a +0 giant club!!
* * * LOW HITPOINT WARNING * * *
Harold throws a throwing net.
The throwing net hits you.
You become entangled in the net!
Unknown command.
You tear a large gash into the net.
You shred the net and break free!
The two-headed ogre hits you with a +0 giant club!!
* * * LOW HITPOINT WARNING * * *
The two-headed ogre hits you with a +0 giant club!
You die...

Action                   |  1- 3 |  4- 6 |  7- 9 | 10-12 || total
-------------------------+-------+-------+-------+-------++-------
Melee: Unarmed           |    94 |     9 |   109 |    58 ||   270
       Bite              |     4 |       |    10 |    27 ||    41
       Punch             |     1 |     2 |     8 |     3 ||    14
       Great sword       |       |       |       |    69 ||    69
       Halberd           |       |       |       |    53 ||    53
       Dagger            |       |       |       |     2 ||     2
 Cast: Scorch            |    11 |    28 |   148 |    74 ||   261
       Spider Form       |       |       |     1 |       ||     1
       Wereblood         |       |       |     1 |       ||     1
Invok: Fiery Armour      |       |       |       |     1 ||     1
  Use: Scroll            |       |       |     7 |     4 ||    11
       Potion            |       |       |     5 |       ||     5
 Stab: Sleeping          |     1 |       |     1 |     7 ||     9
Armor: Robe              |    23 |     9 |     4 |       ||    36
       Leather armour    |       |       |    30 |   163 ||   193
       Skin              |       |       |     1 |       ||     1
Dodge: Dodged            |    61 |    20 |   128 |   230 ||   439
Block: Other             |       |       |     8 |       ||     8

Levels and vault maps discovered:
D:1:      wheals_arrival_linesprint, layout_rooms
D:2:      layout_rooms, dilly_ecumenical_altar_fadedgnrine,
          minmay_randomly_rotated_circles
D:3:      layout_loops_corners, kennysheep_boxes, uniq_natasha
D:4:      layout_cave_pools, minmay_temple_entry_junction, serial_shops,
          nicolae_shop_advertising_works [nicolae_subvault_shop_adworks],
          grunt_decor_arrowhead
D:5:      layout_basic, kennysheep_generic_room_9, uniq_edmund, uniq_duvessa
D:6:      layout_layer_cave, minmay_misc_feat_tower, minmay_misc_feat_columns
D:7:      gammafunk_beogh_shrine, layout_cave_pods, enter_bailey_7,
          abandoned_shop, st_stairs_12
D:8:      layout_cave_pools, lemuel_doored_altar, minitemple,
          nicolae_ossuary_entry_false_entrances
D:9:      layout_loops_ring, kennysheep_mini, david_orc_5, uniq_harold,
          uniq_erica
Temple:   nicolae_temple_bog_church

Notes
Turn   | Place    | Note
-------+----------+-------------------------------------------
     0 | D:1      | sanka the Gnoll Cinder Acolyte began the quest for the Orb.
     0 | D:1      | Reached XP level 1. HP: 23/23 MP: 4/4
   184 | D:1      | Reached XP level 2. HP: 21/29 MP: 5/5
   931 | D:1      | Reached XP level 3. HP: 35/35 MP: 7/7
  1442 | D:1      | Learned a level 2 spell: Scorch
  1446 | D:2      | Reached skill level 1 in Invocations
  1498 | D:2      | Reached skill level 1 in Short Blades
  1498 | D:2      | Reached skill level 1 in Long Blades
  1498 | D:2      | Reached skill level 1 in Axes
  1498 | D:2      | Reached skill level 1 in Maces & Flails
  1498 | D:2      | Reached skill level 1 in Polearms
  1498 | D:2      | Reached skill level 1 in Staves
  1498 | D:2      | Reached skill level 1 in Ranged Weapons
  1498 | D:2      | Reached skill level 1 in Throwing
  1498 | D:2      | Reached skill level 1 in Armour
  1498 | D:2      | Reached skill level 1 in Dodging
  1498 | D:2      | Reached skill level 1 in Stealth
  1498 | D:2      | Reached skill level 1 in Shields
  1498 | D:2      | Reached skill level 1 in Evocations
  1803 | D:2      | Found a faded altar of an unknown god.
  2447 | D:3      | Noticed Natasha
  2452 | D:3      | Killed Natasha
  2453 | D:3      | Reached skill level 3 in Spellcasting
  2453 | D:3      | Reached skill level 1 in Conjurations
  2453 | D:3      | Reached skill level 1 in Hexes
  2453 | D:3      | Reached skill level 1 in Summonings
  2453 | D:3      | Reached skill level 1 in Necromancy
  2453 | D:3      | Reached skill level 1 in Translocations
  2453 | D:3      | Reached skill level 1 in Transmutations
  2453 | D:3      | Reached skill level 1 in Ice Magic
  2453 | D:3      | Reached skill level 1 in Air Magic
  2453 | D:3      | Reached skill level 1 in Earth Magic
  2453 | D:3      | Reached skill level 1 in Poison Magic
  2453 | D:3      | Reached XP level 4. HP: 41/41 MP: 3/8
  2876 | D:3      | Noticed Natasha
  2883 | D:3      | Killed Natasha
  2992 | D:3      | Noticed Natasha
  2996 | D:3      | Killed Natasha
  2997 | D:3      | Reached XP level 5. HP: 47/47 MP: 2/9
  3665 | D:4      | Reached skill level 2 in Invocations
  3665 | D:4      | Reached XP level 6. HP: 48/53 MP: 3/11
  3820 | D:4      | Noticed a black bear
  3880 | D:4      | Killed a black bear
  3881 | D:4      | Reached skill level 2 in Short Blades
  3881 | D:4      | Reached skill level 2 in Long Blades
  3881 | D:4      | Reached skill level 2 in Axes
  3881 | D:4      | Reached skill level 2 in Maces & Flails
  3881 | D:4      | Reached skill level 2 in Polearms
  3881 | D:4      | Reached skill level 2 in Staves
  3881 | D:4      | Reached skill level 2 in Ranged Weapons
  3881 | D:4      | Reached skill level 2 in Throwing
  3881 | D:4      | Reached skill level 2 in Armour
  3881 | D:4      | Reached skill level 2 in Dodging
  3881 | D:4      | Reached skill level 2 in Stealth
  3881 | D:4      | Reached skill level 2 in Shields
  3881 | D:4      | Reached skill level 2 in Evocations
  4031 | D:4      | Reached skill level 7 in Fighting
  4031 | D:4      | Reached skill level 7 in Unarmed Combat
  4031 | D:4      | Reached XP level 7. HP: 32/60 MP: 1/12
  4369 | D:4      | Reached skill level 2 in Conjurations
  4369 | D:4      | Reached skill level 2 in Hexes
  4369 | D:4      | Reached skill level 2 in Summonings
  4369 | D:4      | Reached skill level 2 in Necromancy
  4369 | D:4      | Reached skill level 2 in Translocations
  4369 | D:4      | Reached skill level 2 in Transmutations
  4369 | D:4      | Reached skill level 2 in Ice Magic
  4369 | D:4      | Reached skill level 2 in Air Magic
  4369 | D:4      | Reached skill level 2 in Earth Magic
  4369 | D:4      | Reached skill level 2 in Poison Magic
  4589 | D:4      | Found a staircase to the Ecumenical Temple.
  4695 | Temple   | Entered the Ecumenical Temple
  4959 | D:4      | Found Nustruto's Antique Armour Shoppe.
  5033 | D:4      | Reached skill level 4 in Spellcasting
  5033 | D:4      | Reached skill level 3 in Invocations
  5412 | D:4      | Bought a runed cloak for 180 gold pieces
  5436 | D:5      | Entered Level 5 of the Dungeon
  5463 | D:5      | Reached skill level 6 in Fire Magic
  5466 | D:5      | Reached skill level 3 in Short Blades
  5466 | D:5      | Reached skill level 3 in Long Blades
  5466 | D:5      | Reached skill level 3 in Axes
  5466 | D:5      | Reached skill level 3 in Maces & Flails
  5466 | D:5      | Reached skill level 3 in Polearms
  5466 | D:5      | Reached skill level 3 in Staves
  5466 | D:5      | Reached skill level 3 in Ranged Weapons
  5466 | D:5      | Reached skill level 3 in Throwing
  5466 | D:5      | Reached skill level 3 in Armour
  5466 | D:5      | Reached skill level 3 in Dodging
  5466 | D:5      | Reached skill level 3 in Stealth
  5466 | D:5      | Reached skill level 3 in Shields
  5466 | D:5      | Reached skill level 3 in Evocations
  5466 | D:5      | Reached XP level 8. HP: 62/67 MP: 2/14
  5795 | D:5      | Learned a level 3 spell: Spider Form
  5798 | D:5      | Learned a level 2 spell: Wereblood
  5806 | D:5      | Noticed Dowan
  5920 | D:5      | Noticed Edmund
  5929 | D:5      | Killed Edmund
  6084 | D:5      | Identified the +1 plate armour of Philately {*Corrode +Inv
                  | Will+ Dex+4}
  6435 | D:5      | Noticed Duvessa
  6480 | D:5      | Killed Duvessa
  6481 | D:5      | Reached skill level 3 in Conjurations
  6481 | D:5      | Reached skill level 3 in Hexes
  6481 | D:5      | Reached skill level 3 in Summonings
  6481 | D:5      | Reached skill level 3 in Necromancy
  6481 | D:5      | Reached skill level 3 in Translocations
  6481 | D:5      | Reached skill level 3 in Transmutations
  6481 | D:5      | Reached skill level 3 in Ice Magic
  6481 | D:5      | Reached skill level 3 in Air Magic
  6481 | D:5      | Reached skill level 3 in Earth Magic
  6481 | D:5      | Reached skill level 3 in Poison Magic
  6481 | D:5      | Reached skill level 4 in Invocations
  6605 | D:5      | Killed Dowan
  7130 | D:6      | Reached XP level 9. HP: 73/73 MP: 11/16
  7277 | D:6      | Reached skill level 4 in Short Blades
  7277 | D:6      | Reached skill level 4 in Long Blades
  7277 | D:6      | Reached skill level 4 in Axes
  7277 | D:6      | Reached skill level 4 in Maces & Flails
  7277 | D:6      | Reached skill level 4 in Polearms
  7277 | D:6      | Reached skill level 4 in Staves
  7277 | D:6      | Reached skill level 4 in Ranged Weapons
  7277 | D:6      | Reached skill level 4 in Throwing
  7277 | D:6      | Reached skill level 4 in Armour
  7277 | D:6      | Reached skill level 4 in Dodging
  7277 | D:6      | Reached skill level 4 in Stealth
  7277 | D:6      | Reached skill level 4 in Shields
  7277 | D:6      | Reached skill level 4 in Evocations
  7286 | D:6      | Reached skill level 5 in Spellcasting
  7867 | D:6      | Learned a level 2 spell: Blink
  8715 | D:7      | Reached skill level 8 in Fighting
  8715 | D:7      | Reached skill level 8 in Unarmed Combat
  8740 | D:7      | Found a flagged portal.
  8813 | Bailey   | Entered a bailey
  8843 | Bailey   | Reached skill level 5 in Invocations
  9157 | Bailey   | Reached skill level 4 in Conjurations
  9157 | Bailey   | Reached skill level 4 in Hexes
  9157 | Bailey   | Reached skill level 4 in Summonings
  9157 | Bailey   | Reached skill level 4 in Necromancy
  9157 | Bailey   | Reached skill level 4 in Translocations
  9157 | Bailey   | Reached skill level 4 in Transmutations
  9157 | Bailey   | Reached skill level 4 in Ice Magic
  9157 | Bailey   | Reached skill level 4 in Air Magic
  9157 | Bailey   | Reached skill level 4 in Earth Magic
  9157 | Bailey   | Reached skill level 4 in Poison Magic
  9180 | Bailey   | HP: 5/74 [orc warrior/+0 war axe (12)]
  9245 | Bailey   | Reached skill level 5 in Short Blades
  9245 | Bailey   | Reached skill level 5 in Long Blades
  9245 | Bailey   | Reached skill level 5 in Axes
  9245 | Bailey   | Reached skill level 5 in Maces & Flails
  9245 | Bailey   | Reached skill level 5 in Polearms
  9245 | Bailey   | Reached skill level 5 in Staves
  9245 | Bailey   | Reached skill level 5 in Ranged Weapons
  9245 | Bailey   | Reached skill level 5 in Throwing
  9245 | Bailey   | Reached skill level 5 in Armour
  9245 | Bailey   | Reached skill level 5 in Dodging
  9245 | Bailey   | Reached skill level 5 in Stealth
  9245 | Bailey   | Reached skill level 5 in Shields
  9245 | Bailey   | Reached skill level 5 in Evocations
  9246 | Bailey   | Reached XP level 10. HP: 23/81 MP: 0/18
  9248 | Bailey   | Reached skill level 7 in Fire Magic
  9572 | Bailey   | Found a burning altar of Makhleb.
 10123 | D:7      | Reached skill level 6 in Spellcasting
 10503 | D:7      | Found a transporter.
 10535 | D:7      | Found a transporter.
 10685 | D:7      | Identified the +1 pair of gloves of the Garden {rC+}
 11055 | D:8      | Reached skill level 6 in Invocations
 11111 | D:8      | Found an ornate altar of the Wu Jian Council.
 11113 | D:8      | Found a basalt altar of Yredelemnul.
 11113 | D:8      | Found a radiant altar of Vehumet.
 11279 | D:8      | Found a sand-covered staircase.
 11318 | Ossuary  | Entered an ossuary
 11728 | D:8      | Found a shimmering blue altar of Sif Muna.
 12290 | D:9      | Noticed Erica
 12301 | D:9      | Killed Erica
 12503 | D:9      | Noticed Harold
 12512 | D:9      | Noticed a two-headed ogre
 12530 | D:9      | Identified +0 acid dragon scales
 12704 | D:9      | HP: 6/82 [two-headed ogre/+0 giant club (31)]
 12704 | D:9      | Slain by a two-headed ogre

Vanquished Creatures
  Erica (D:9)
  A troll (D:9)
  Edmund (D:5)
  An acid dragon (D:9)
  Duvessa (D:5)
  8 orc warriors
  4 ice beasts
  4 black bears
  4 ogres
  3 centaurs
  10 kobold brigands
  A gnoll sergeant (D:8)
  4 bullfrogs
  A necrophage (D:4)
  3 scorpions
  A wight (Ossuary)
  A water moccasin zombie (Ossuary)
  Dowan (D:5)
  3 howler monkeys (D:7)
  2 bullfrog zombies (Ossuary)
  2 jellies
  2 gnoll boudas
  6 orc priests
  7 hounds
  Natasha (thrice) (D:3)
  An iguana (D:6)
  9 orc wizards
  16 gnolls
  8 adders
  A shadow imp (D:7)
  4 white imps
  An ufetubus (D:6)
  4 adder zombies (Ossuary)
  A worm (D:4)
  A dart slug (D:4)
  32 orcs
  9 ball pythons
  9 endoplasms
  3 giant cockroaches
  4 gnoll zombies (Ossuary)
  7 goblins
  2 hobgoblins
  2 jackals (D:3)
  4 quokkas
  3 bats
  4 frilled lizards
  7 goblin zombies (Ossuary)
  19 kobolds
  An orc zombie (Ossuary)
  4 rats
231 creatures vanquished.
